Map: Babylon LE

Players

winzboy

  • Race: Protoss Protoss
  • League: Gold
  • Spawn Location: 11:00

RENLYVN - Winner!

  • Race: Terran Terran
  • League: Platinum
  • Spawn Location: 5:00

VOD

Have the link to the VOD?

Description

Time

  • Played on: May 23, 2023, 1:29 a.m.
  • Length: 13:25
Show
View Real Time Build Order
Export as new Build Order

winzboy Protoss 

Build Orders: Zealot Archon 

Get SALT Encoding   

  12  0:02  Probe  
  13  0:18  Probe (Chrono Boost)  
  14  0:24  Pylon  
  14  0:30  Probe (Chrono Boost)  
  15  0:44  Probe  
  15  0:49  Assimilator  
  16  0:52  Gateway  
  16  0:56  Probe  
  17  1:08  Probe  
  17  1:20  Probe  
  18  1:33  Probe  
  19  1:45  Nexus, Probe  
  20  1:57  Probe  
  21  2:02  Cybernetics Core  
  21  2:04  Assimilator  
  21  2:09  Probe  
  22  2:20  Pylon  
  22  2:21  Probe  
  23  2:25  Warp Gate (Chrono Boost)  
  23  2:38  Probe, Stalker (Chrono Boost)  
  26  2:50  Robotics Facility  
  26  2:53  Gateway  
  26  2:56  Probe  
  27  3:07  Gateway  
  27  3:13  Probe x2  
  27  3:19  Stalker  
  29  3:25  Probe x2  
  33  3:38  Observer  
  34  3:44  Probe  
  34  3:45  Probe  
  36  3:57  Probe  
  36  4:02  Pylon  
  37  4:05  Pylon  
  37  4:06  Probe, Twilight Council  
  37  4:09  Probe  
  39  4:10  Stalker  
  39  4:16  Immortal  
  45  4:18  Probe  
  45  4:21  Probe  
  47  4:28  Assimilator  
  47  4:30  Probe, Assimilator  
  48  4:33  Probe  
  49  4:40  Charge (Chrono Boost)  
  49  4:59  Pylon  
  49  5:02  Pylon  
  49  5:06  Gateway  
  49  5:08  Gateway  
  49  5:09  Gateway  
  49  5:10  Gateway  
  49  5:13  Gateway  
  49  5:15  Gateway  
  49  5:20  Gateway  
  49  5:24  Probe (Chrono Boost)  
  49  5:25  Stalker  
  52  5:33  Probe (Chrono Boost)  
  53  5:42  Probe (Chrono Boost)  
  55  5:44  Probe (Chrono Boost)  
  55  5:48  Probe (Chrono Boost)  
  55  5:49  Probe (Chrono Boost)  
  56  5:54  Pylon  
  57  5:57  Templar Archives  
  57  5:59  Forge  
  57  6:02  Zealot x2  
  57  6:03  Zealot  
  63  6:08  Probe (Chrono Boost)  
  65  6:12  Probe (Chrono Boost)  
  65  6:17  Immortal  
  69  6:22  Probe (Chrono Boost)  
  70  6:42  Zealot  
  72  6:47  Nexus  
  72  6:51  Pylon  
  72  6:53  Pylon, Zealot  
  72  6:54  Zealot x3  
  80  7:05  High Templar x3  
  86  7:10  High Templar x2  
  86  7:11  High Templar  
  86  7:14  Archon  
  86  7:15  Archon x2  
  92  7:20  Zealot  
  92  7:21  Zealot x2  
  92  7:22  Zealot  
  100  7:30  Pylon  
  100  7:34  Pylon  
  100  7:40  Pylon, Zealot  
  101  7:48  Observer  
  102  7:52  Zealot  
  102  7:53  Zealot x3  
  110  8:00  Probe x3  
  113  8:08  High Templar x2, Warp Prism  
  113  8:09  High Templar x3  
  113  8:12  Probe x2  
  126  8:13  Archon x2  
  126  8:18  Sentry x2  
  131  8:37  Zealot  
  131  8:38  Zealot x2  
  137  8:44  Immortal  
  141  9:14  Pylon  
  141  9:33  Observer  
  141  9:36  High Templar  
  141  9:37  High Templar x2  
  148  9:44  Pylon  
  148  9:45  Pylon  
  148  9:47  Pylon  
  148  9:50  Pylon  
  148  9:52  Archon  
  83  10:00  Stalker x2  
  83  10:01  Stalker x3  
  83  10:02  Stalker  
  75  10:10  Zealot x2  
  75  10:11  Zealot x2  
  53  10:23  Pylon  
  53  10:25  Pylon  
  53  10:26  Stalker x2  
  53  10:27  Stalker x3  
  53  10:28  Stalker  
  65  10:31  Stalker  
  65  10:32  Zealot  
  65  10:33  Zealot x2  
  73  10:36  Immortal (Chrono Boost)  
  77  10:50  Zealot  
  77  10:51  Zealot x3  
  77  10:52  Zealot x2  
  77  10:53  Zealot  
  91  11:02  Stalker x2  
  91  11:03  Stalker  
  97  11:05  Robotics Bay  
  97  11:11  Immortal (Chrono Boost)  
  101  11:23  High Templar  
  101  11:25  Zealot x2  
  105  11:26  Zealot x2  
  105  11:27  Zealot x2  
  105  11:28  Zealot, Protoss Ground Weapons Level 1 (Chrono Boost)  
  117  11:41  Pylon  
  117  11:46  Assimilator  
  117  11:47  Probe  
  117  11:50  Assimilator  
  117  11:51  Zealot  
  110  11:59  Probe  
  103  12:04  Zealot  
  103  12:05  Zealot x3  
  103  12:06  Zealot  
  110  12:12  Probe, Zealot x2  
  110  12:13  Zealot  
  110  12:14  Zealot x2  
  119  12:22  Colossus  
  117  12:24  Probe  
  124  12:34  High Templar  
  124  12:35  High Templar  
  124  12:36  Probe  
  129  12:39  Archon  
  129  12:50  Zealot  
  129  12:51  Zealot x3  
  125  12:52  Zealot  
  125  12:53  Zealot  
  125  12:54  Zealot  
  83  13:09  Zealot  
  83  13:10  Zealot  
  83  13:11  Zealot x2  
  83  13:12  Zealot x2  
  74  13:13  Zealot  
Show
View Real Time Build Order
Export as new Build Order

RENLYVN Terran - Winner!

Build Orders:  

Get SALT Encoding   

  12  0:00  SCV  
  13  0:12  SCV  
  14  0:25  Supply Depot  
  14  0:27  SCV  
  15  0:47  SCV  
  16  0:50  Barracks  
  16  0:56  Refinery  
  16  0:59  SCV  
  16  1:02  Refinery  
  17  1:11  SCV  
  17  1:16  Supply Depot  
  18  1:23  SCV  
  19  1:35  SCV  
  19  1:38  Reaper  
  21  1:47  SCV  
  22  1:58  Factory  
  22  2:00  SCV  
  23  2:11  Barracks Tech Lab  
  23  2:12  SCV  
  24  2:26  Command Center  
  24  2:36  Orbital Command  
  24  2:42  Factory Tech Lab  
  24  2:49  Engineering Bay  
  24  2:52  Marine  
  25  3:02  SCV  
  26  3:10  Siege Tank  
  29  3:13  Marine  
  29  3:14  SCV  
  31  3:22  Missile Turret  
  31  3:26  SCV  
  32  3:31  Marauder  
  34  3:34  Concussive Shells  
  34  3:44  Orbital Command  
  34  3:47  SCV  
  38  3:55  Siege Tank  
  38  3:58  Marine  
  39  4:05  SCV  
  39  4:09  SCV  
  41  4:16  Marine  
  42  4:17  SCV  
  42  4:18  Missile Turret  
  42  4:22  SCV  
  44  4:30  SCV  
  45  4:34  SCV, Siege Tank, Marine  
  50  4:42  SCV  
  51  4:46  SCV  
  51  4:47  Combat Shield  
  51  4:52  Marauder  
  54  4:54  SCV  
  54  4:58  SCV  
  56  5:06  SCV  
  57  5:10  SCV  
  57  5:13  Marine  
  59  5:14  Refinery  
  59  5:16  Refinery  
  59  5:18  SCV, Command Center  
  60  5:22  SCV  
  61  5:30  Supply Depot  
  61  5:31  Marine  
  61  5:33  Supply Depot  
  61  5:34  Supply Depot  
  62  5:39  Starport  
  62  5:51  SCV x2, Siege Tank  
  67  6:02  Marine  
  67  6:03  SCV x2  
  70  6:09  Stimpack  
  70  6:15  Starport Tech Lab  
  70  6:16  SCV  
  71  6:20  Marine  
  72  6:28  Factory  
  72  6:30  Starport  
  72  6:32  Barracks  
  72  6:36  Barracks  
  72  6:38  Marine  
  73  6:42  Planetary Fortress  
  73  6:47  SCV x2, Missile Turret  
  75  6:56  Terran Infantry Weapons Level 1  
  75  6:59  Armory, SCV x2  
  77  7:01  Marine  
  77  7:02  Siege Tank  
  77  7:04  Medivac  
  83  7:11  SCV  
  84  7:18  Factory Tech Lab  
  84  7:19  Marine  
  85  7:24  Factory Reactor  
  85  7:27  Starport Reactor  
  85  7:30  Barracks Reactor x2  
  85  7:35  Siege Tank  
  85  7:36  SCV x2  
  85  7:37  SCV  
  91  7:39  Marine  
  91  7:43  Liberator  
  95  7:48  SCV x2  
  95  7:49  SCV  
  98  7:51  Supply Depot  
  98  7:53  Terran Vehicle Weapons Level 1  
  98  7:55  Supply Depot  
  98  7:56  Supply Depot  
  98  7:57  Marine  
  99  8:00  SCV  
  99  8:04  Hellbat x2  
  99  8:05  Infernal Pre-Igniter  
  104  8:07  Hellbat  
  104  8:10  Liberator  
  109  8:15  Marine  
  109  8:17  SCV x2, Refinery  
  109  8:18  SCV, Refinery  
  109  8:19  Marine x2  
  115  8:20  Marine x2  
  115  8:22  Medivac  
  115  8:26  Liberator  
  122  8:29  SCV  
  122  8:30  SCV x2  
  122  8:32  Hellbat x3  
  122  8:33  Marine  
  132  8:37  Marine x4  
  136  8:41  SCV  
  136  8:42  SCV x2  
  139  8:50  Marine  
  139  8:53  Hellbat  
  139  8:54  SCV x2  
  139  8:55  Marine x4, Hellbat  
  148  8:58  Siege Tank  
  148  9:00  Medivac, Command Center  
  148  9:02  Medivac  
  157  9:08  Marine  
  158  9:12  Marine x2  
  158  9:13  Marine  
  158  9:16  Terran Infantry Weapons Level 2  
  161  9:17  Marine  
  161  9:21  Hellbat  
  161  9:24  Smart Servos  
  164  9:26  Marine  
  164  9:28  Hellbat  
  164  9:30  Marine x2, Siege Tank  
  172  9:36  Supply Depot x2  
  172  9:37  Supply Depot  
  172  9:40  Marine  
  173  9:50  Marine x2  
  173  9:51  Marine x2  
  173  9:52  Liberator, Raven  
  171  9:53  Liberator  
  171  9:58  Marine  
  161  10:08  Marine x2  
  154  10:14  Planetary Fortress  
  154  10:17  SCV x3  
  157  10:22  Marine x3  
  157  10:24  Hellbat x2  
  157  10:25  Marine x2, Hellbat  
  157  10:27  Terran Vehicle And Ship Armor Level 1  
  168  10:29  SCV x3  
  171  10:40  Marine x3  
  171  10:41  Liberator x3, SCV x2  
  185  10:43  Marine x2  
  185  10:49  Fusion Core  
  187  10:53  Siege Tank  
  187  10:56  Hellbat  
  192  10:57  Marine  
  192  10:58  Marine x2  
  192  10:59  Hellbat  
  192  11:01  Marine x2  
  199  11:04  Refinery  
  199  11:05  Refinery  
  199  11:15  Marine  
  200  11:21  Missile Turret  
  200  11:39  Rapid Reignition System  
Tags
 
Composition
Zealot Archon
Matchup
PvT
Replay Pack
Multiplayer
Spawn Locations
Cross Positions
Add a new tag
Caveats
  • Supply blocks, unpowered buildings, or Contaminate may cause inaccurate times.
  • Supply counts are checked every 10 seconds.